AoeStats
← gx5v163237

Arabia

509381620Analyzed
1v1 RM · 6d ago on Sep 26, 2026· 57m 27s· 2 players
Game mode
Random Map
Map size
Tiny (2 player)
Population
200
Speed
Normal
Resources
Standard
Victory
Conquest
Starting age
Dark Age
Ending age
Imperial Age
RankedLock teamsTeams togetherTeam positionsShared explorationLock speedFull tech treeHidden civsTurbo modeCheats
Victory
Defeat
🇺🇸 Mongols · United States
1339
+14
🇹🇼 Vikings · Taiwan
1289
-14
gx5v163237
6:36 Loom
9:06 Feudal Age
13:44 Double-Bit Axe
20:57 Castle Age
20:17 Fletching
21:05 Padded Archer Armor
20:56 Gold Mining
22:23 Bow Saw
26:29 Bodkin Arrow
27:12 Ballistics
28:10 Gold Shaft Mining
28:58 Leather Archer Armor
35:31 Imperial Age
33:19 Stone Mining
34:35 Crossbowman
36:24 Bracer
37:36 Chemistry
36:30 Arbalester
38:21 Ring Archer Armor
39:32 Elite Skirmisher
40:30 Scale Barding Armor
40:36 Forging
40:56 Conscription
44:29 Chain Barding Armor
44:45 Iron Casting
44:56 Scale Mail Armor
44:55 Horse Collar
45:03 Light Cavalry
49:02 Blast Furnace
51:07 Chain Mail Armor
The Goated Grandpa
8:07 Feudal Age
8:41 Loom
8:59 Double-Bit Axe
20:12 Castle Age
19:18 Horse Collar
21:18 Scale Barding Armor
21:23 Forging
21:27 Bloodlines
24:44 Heavy Plow
24:56 Bow Saw
25:15 Padded Archer Armor
25:06 Fletching
27:34 Wheelbarrow
28:33 Stone Mining
28:57 Gold Mining
29:36 Hand Cart
30:11 Stone Shaft Mining
31:12 Bodkin Arrow
37:11 Imperial Age
35:26 Gold Shaft Mining
35:09 Town Watch
35:55 Ballistics
36:54 Leather Archer Armor
37:06 Chain Barding Armor
37:16 Thumb Ring
37:27 Husbandry
38:00 Bracer
39:03 Chemistry
37:34 Elite Mangudai
38:26 Light Cavalry
46:33 Iron Casting
47:08 Conscription
48:51 Capped Ram
49:52 Masonry
50:20 Hoardings
52:29 Siege Engineers
Connection lost

Rejoining the realm…

Still unreachable

The connection could not be restored.

Session expired

The server has moved on; the page needs a fresh start.